AoeStats
← aykutmusic2020

QS Arena

503494286Analyzed
3v3 RM · 1mo ago on Aug 31, 2026· 63m 26s· 6 players
Game mode
Random Map
Map size
Normal (6 player)
Population
200
Speed
Normal
Resources
Standard
Victory
Conquest
Starting age
Dark Age
Ending age
Imperial Age
RankedLock teamsTeams togetherTeam positionsShared explorationLock speedFull tech treeHidden civsTurbo modeCheats
Victory
Defeat
🇨🇦 Georgians · Canada
919
+14
🇺🇸 Mongols · United States
818
+19
🇨🇱 Franks · Chile
798
+20
🇹🇷 Turks · Türkiye
966
-21
🇹🇷 Persians · Türkiye
848
-16
🇹🇷 Franks · Türkiye
815
-15
pipe4ndres
8:12 Feudal Age
8:43 Double-Bit Axe
13:58 Castle Age
12:55 Horse Collar
15:00 Bow Saw
16:45 Town Watch
16:47 Loom
18:32 Bloodlines
20:16 Heavy Plow
20:35 Fervor
20:43 Scale Barding Armor
22:49 Chain Barding Armor
24:02 Forging
25:38 Iron Casting
26:06 Wheelbarrow
26:24 Gold Mining
27:07 Sanctity
27:32 Husbandry
34:33 Imperial Age
32:57 Hand Cart
35:55 Plate Barding Armor
35:08 Cavalier
36:51 Blast Furnace
37:04 Town Patrol
38:15 Redemption
38:38 Conscription
38:28 Stone Mining
40:05 Chemistry
42:12 Masonry
43:32 Aznauri Cavalry
43:30 Heavy Scorpion
46:47 Siege Engineers
47:04 Ballistics
47:00 Elite Monaspa
49:58 Fletching
50:46 Hoardings
51:26 Architecture
53:26 Bodkin Arrow
55:31 Murder Holes
62:02 Block Printing
62:08 Treadmill Crane
keager241
0:38 Loom
8:14 Feudal Age
8:57 Horse Collar
9:37 Double-Bit Axe
17:37 Castle Age
18:43 Wheelbarrow
18:38 Heavy Plow
20:10 Husbandry
20:20 Bloodlines
21:38 Hand Cart
29:26 Thumb Ring
29:50 Fletching
30:00 Padded Archer Armor
30:53 Ballistics
34:04 Bodkin Arrow
34:24 Leather Archer Armor
40:26 Imperial Age
38:51 Caravan
39:21 Coinage
39:17 Murder Holes
39:42 Forging
39:37 Scale Barding Armor
39:54 Bow Saw
41:35 Gold Mining
42:23 Banking
42:08 Bracer
42:37 Parthian Tactics
41:32 Heavy Cavalry Archer
42:50 Onager
45:49 Gold Shaft Mining
45:30 Siege Engineers
46:30 Chemistry
47:21 Iron Casting
47:06 Chain Barding Armor
47:50 Siege Onager
50:54 Elite Mangudai
52:02 Conscription
54:04 Drill
53:41 Light Cavalry
54:47 Hussar
55:49 Capped Ram
60:45 Siege Ram
ig._1234321
3:23 Loom
8:29 Feudal Age
9:42 Double-Bit Axe
15:52 Castle Age
15:45 Wheelbarrow
17:29 Bow Saw
23:21 Ballistics
24:08 Masonry
37:09 Imperial Age
37:20 Elite Throwing Axeman
53:38 Fortified Wall
53:31 Murder Holes
58:58 Hand Cart
58:29 Town Watch
59:37 Forging
59:39 Scale Mail Armor
63:06 Squires
62:27 Pikeman
62:52 Arson
62:54 Gambesons
yef
9:18 Feudal Age
14:10 Castle Age
12:01 Double-Bit Axe
18:26 Imperial Age
20:20 Wheelbarrow
20:40 Bow Saw
20:59 Gold Mining
24:58 Horse Collar
28:55 Hand Cart
30:22 Ballistics
30:47 Padded Archer Armor
34:15 Two-Man Saw
33:17 Heavy Plow
34:51 Leather Archer Armor
35:40 Stone Mining
36:04 Murder Holes
35:52 Treadmill Crane
37:21 Gold Shaft Mining
37:42 Guilds
39:11 Ring Archer Armor
38:44 Fletching
38:38 Elite Janissary
39:58 Conscription
43:39 Caravan
54:16 Scale Barding Armor
54:25 Forging
54:29 Husbandry
54:44 Bloodlines
54:51 Bloodlines
61:58 Iron Casting
61:44 Chain Barding Armor
erciklegend
15:03 Feudal Age
15:22 Horse Collar
15:28 Double-Bit Axe
20:52 Castle Age
22:05 Pikeman
29:15 Heavy Plow
37:18 Imperial Age
41:44 Wheelbarrow
43:03 Husbandry
43:15 Bloodlines
43:55 Hand Cart
44:55 Forging
44:51 Scale Barding Armor
45:52 Crop Rotation
46:38 Iron Casting
49:03 Blast Furnace
48:45 Chain Barding Armor
55:13 Conscription
54:56 Elite War Elephant
55:44 Kamandaran
57:17 Plate Barding Armor
57:24 Thumb Ring
58:14 Crossbowman
aykutmusic2020
8:22 Feudal Age
8:54 Double-Bit Axe
12:26 Gold Mining
15:56 Stone Mining
21:42 Castle Age
21:35 Forging
23:16 Bow Saw
24:41 Iron Casting
24:12 Scale Barding Armor
24:50 Wheelbarrow
27:38 Gold Shaft Mining
29:26 Loom
31:16 Chain Barding Armor
35:05 Imperial Age
33:33 Husbandry
33:55 Hand Cart
35:14 Cavalier
37:02 Blast Furnace
36:11 Town Watch
37:12 Plate Barding Armor
37:33 Chivalry
38:18 Paladin
57:17 Chemistry
Connection lost

Rejoining the realm…

Still unreachable

The connection could not be restored.

Session expired

The server has moved on; the page needs a fresh start.